 Dungeon Crawl Stone Soup version 0.24.0-125-gc4c63601f3 (webtiles) character file.

Game seed: 13487059224171336867, levelgen mode: deterministic

16 Amplified the Ducker (level 2, 0/23 HPs)
             Began as a Minotaur Earth Elementalist on Mar 16, 2020.
             Slain by a leopard gecko (1 damage)
             ... on level 2 of the Dungeon.
             The game lasted 00:01:31 (959 turns).

Amplified the Ducker (Minotaur Earth Elementalist)   Turns: 959, Time: 00:01:31

Health: 0/23       AC: 12    Str: 12    XL:     2   Next: 37%
Magic:  3/3        EV:  3    Int: 17    God:
Gold:   46         SH:  0    Dex: 10    Spells: 2/3 levels left

rFire    . . .     SeeInvis .   f - +0 hunting sling
rCold    . . .     Gourm    .   (no shield)
rNeg     . . .     Faith    .   a - +2 plate armour
rPois    .         Spirit   .   (helmet restricted)
rElec    .         Reflect  .   (no cloak)
rCorr    .         Harm     .   (no gloves)
MR       .....                  (no boots)
Stlth    ..........             (no amulet)
HPRegen  0.07/turn              (no ring)
MPRegen  0.08/turn              (no ring)

@: brilliant, lethally poisoned (0 -> -2)
A: retaliatory headbutt, horns 2
a: no special abilities


You were on level 2 of the Dungeon.
You were not hungry.

You visited 1 branch of the dungeon, and saw 2 of its levels.

You collected 46 gold pieces.

Inventory:

Hand Weapons
 f - a +0 hunting sling (weapon)
Missiles
 b - 49 stones
 g - 3 poisoned darts (quivered)
Armour
 a - a +2 plate armour (worn)
 c - a +0 robe
Comestibles
 d - 3 rations


   Skills:
 * Level 1.1 Fighting
 * Level 0.9 Slings
 * Level 1.1 Armour
 * Level 2.5 Dodging
 - Level 1.5 Stealth
 - Level 1.3 Spellcasting
   Level 0.7 Transmutations
 - Level 2.4 Earth Magic


You had 2 spell levels left.
You knew the following spells:

 Your Spells              Type           Power        Failure   Level  Hunger
a - Sandblast             Erth           ###...       78%         1    ##.....

Your spell library contained the following spells:

 Spells                   Type           Power        Failure   Level  Hunger
 Passwall                 Tmut/Erth      ###.....     95%         2    ###....
 Stone Arrow              Conj/Erth      ###...       99%         3    ####...
 Petrify                  Tmut/Erth      ###.....     100%        4    #####..
 Lee's Rapid Deconstruct  Erth           ###.......   100%        5    ######.


Dungeon Overview and Level Annotations

Branches:
Dungeon (2/15)

Altars:

Annotations:
D:2 Terence


Innate Abilities, Weirdness & Mutations

You reflexively headbutt those who attack you in melee.
You have a pair of horns on your head.


Message History

You feel sick.
* * * LOW HITPOINT WARNING * * *
You feel sick.
Terence asks, "Do you want it fast or slow?"
* * * LOW HITPOINT WARNING * * *
You feel sick.
Unknown command.
* * * LOW HITPOINT WARNING * * *
You feel sick.
The leopard gecko hisses menacingly.
A leopard gecko comes into view.
* * * LOW HITPOINT WARNING * * *
You feel sick.
The leopard gecko hisses angrily.
Unknown command.
Terence says, "How do you enjoy it?" Terence barely misses you.
* * * LOW HITPOINT WARNING * * *
You feel sick. The leopard gecko bites you.
You die...

#... ......## #..#
#.##...## ##.(#
#.#.....## ##...#
#........##
##...(###.........#
#.......+.........+
#####.<..###.........#
.............l@..l..#
.#######(#####..@..##
.# #####.# ##...## l#
#....#.# ##+## .#
#.###.## .###.###.#
...l.....# ####.#####
#.# #..


You could see Terence and 2 leopard geckos.

Vanquished Creatures
  2 giant cockroaches
  A goblin (D:1)
  A hobgoblin (D:1)
  6 bats (D:1)
  2 frilled lizards (D:1)
  A kobold (D:1)
  4 rats (D:1)
17 creatures vanquished.

Notes
Turn   | Place    | Note
-------+----------+-------------------------------------------
     0 | D:1      | Amplified the Minotaur Earth Elementalist began the quest
                  | for the Orb.
     0 | D:1      | Reached XP level 1. HP: 14/14 MP: 1/1
   637 | D:1      | Reached XP level 2. HP: 22/22 MP: 3/3
   657 | D:1      | Reached skill level 1 in Armour
   715 | D:1      | Reached skill level 1 in Fighting
   920 | D:2      | Noticed Terence
   959 | D:2      | HP: 1/23 [poisoned by Terence]
   959 | D:2      | Slain by a leopard gecko

Levels and vault maps discovered:
D:1:      ncdulo_watergridlock, layout_loops_corners
D:2:      layout_loops_corners, grunt_dithmenos_smoke, dancing_weapons_uskayaw,
          uniq_terence

Skill      XL: |  1  2 |
---------------+-------+-----
Armour         | 1 |  1.1
Fighting       | 1 |  1.1
Slings         | |  0.9
Dodging        | |  2.5
Stealth        | |  1.5
Spellcasting   | |  1.3
Transmutations | |  0.7
Earth Magic    | |  2.4

Action                   || total
-------------------------++-------
Melee: Unarmed           ||     8
       Headbutt          ||     1
 Fire: Hunting sling     ||    84
Throw: Dart              ||     4
  Use: Scroll            ||     4
       Potion            ||     1
Armor: Plate armour      ||    67
Dodge: Dodged            ||    13
